 Dungeon Crawl Stone Soup version 0.25-a0-949-gdd2af9e06e (webtiles) character file.

Game seed: 9920727511826972353, levelgen mode: deterministic

437 Flugslaktarn the Chopper (level 6, 0/56 HPs)
             Began as a Minotaur Fighter on May 9, 2020.
             Slain by an ogre
             ... wielding a +0 giant spiked club
              (26 damage)
             ... on level 4 of the Dungeon.
             The game lasted 00:00:57 (2574 turns).

Flugslaktarn the Chopper (Minotaur Fighter)         Turns: 2574, Time: 00:00:58

Health: 0/56       AC:  8    Str: 21    XL:     6   Next: 69%
Magic:  5/5        EV:  7    Int:  5    God:
Gold:   102        SH: 10    Dex: 11    Spells: 5/5 levels left

rFire    . . .     SeeInvis .   a - +0 war axe
rCold    . . .     Gourm    .   c - +0 kite shield
rNeg     . . .     Faith    .   b - +0 scale mail
rPois    .         Spirit   .   (helmet restricted)
rElec    .         Reflect  .   n - +0 cloak
rCorr    .         Harm     .   (no gloves)
MR       .....                  (no boots)
Stlth    ..........             (no amulet)
HPRegen  0.18/turn              (no ring)
MPRegen  0.09/turn              (no ring)

@: no status effects
A: retaliatory headbutt, horns 2
a: no special abilities


You were on level 4 of the Dungeon.
You were not hungry.

You visited 1 branch of the dungeon, and saw 4 of its levels.

You collected 102 gold pieces.

Inventory:

Hand Weapons
 a - a +0 war axe (weapon)
Armour
 b - a +0 scale mail (worn)
 c - a +0 kite shield (worn)
 n - a +0 cloak (worn)
   (You found it on level 4 of the Dungeon)
Jewellery
 m - an uncursed ring of positive energy {unknown}
   (You found it on level 4 of the Dungeon)
Scrolls
 g - a scroll of fog {unknown}
 h - a scroll of enchant armour {unknown}
 i - 2 scrolls of teleportation {unknown}
 j - a scroll of amnesia {unknown}
 k - a scroll of fear {unknown}
 l - a scroll of remove curse {unknown}
 o - a scroll of blinking {unknown}
Potions
 d - a potion of might
 f - a potion of heal wounds {unknown}
Comestibles
 e - 5 rations


   Skills:
 + Level 5.2 Fighting
 * Level 5.8 Axes
 + Level 5.2 Armour
 + Level 5.1 Shields


You had 5 spell levels left.
You didn't know any spells.
Your spell library was empty.

Dungeon Overview and Level Annotations

Branches:
Dungeon (4/15)
 Temple: D:4-7

Altars:
Wu Jian


Innate Abilities, Weirdness & Mutations

You reflexively headbutt those who attack you in melee.
You have a pair of horns on your head.


Message History

No target in view!
No target in view!
No target in view!
No target in view!
An ogre comes into view. It is wielding a +0 giant spiked club.
The ogre shouts!
An ogre is nearby!
An ogre is nearby!
An ogre is nearby!
You block the ogre's attack.
You barely miss the ogre.
The ogre hits you with a +0 giant spiked club!!
Ouch! That really hurt!
You barely miss the ogre. You headbutt the ogre!
The ogre is moderately wounded.
You block the ogre's attack.
You slash the ogre!
The ogre is heavily wounded.
The ogre hits you with a +0 giant spiked club!!
You die...

#.#)#.###.#
#.#)#.# #.# ###
..#)#.# #.# ..#
..#)#.# #.# #.#
(.#<#.###.#.#
#.#
..#.....#.#.#
#.#
..#.#...#.#.#
#.#
..#.#####.#.#
#O# ..#.. #.#.#
#@# ..#### #.#.#
#.# # #.#.# #.#
..###.#'#.# #.#
.
..>.......####.#
.
##.#...........#
..).......######
..........#
..........#


You could see an ogre.

Vanquished Creatures
  A phantom (D:4)
  A scorpion (D:4)
  A hound (D:4)
  A gnoll shaman (D:4)
  3 worker ants
  Robin (D:4)
  5 gnolls (D:4)
  5 adders
  An adder skeleton (D:4)
  3 worms
  A dart slug (D:4)
  3 leopard geckos
  7 orcs (D:4)
  A ball python (D:4)
  A bat (D:2)
  2 giant cockroaches (D:2)
  5 goblins
  4 hobgoblins (D:4)
  A quokka (D:3)
  5 frilled lizards
  A jackal skeleton (D:4)
  A kobold (D:2)
  2 rats (D:2)
56 creatures vanquished.

Notes
Turn   | Place    | Note
-------+----------+-------------------------------------------
     0 | D:1      | Flugslaktarn the Minotaur Fighter began the quest for the
                  | Orb.
     0 | D:1      | Reached XP level 1. HP: 19/19 MP: 0/0
   315 | D:2      | Reached XP level 2. HP: 16/27 MP: 1/1
   674 | D:2      | Reached XP level 3. HP: 22/33 MP: 2/2
  1205 | D:4      | Noticed Robin
  1207 | D:4      | Reached XP level 4. HP: 36/40 MP: 3/3
  1227 | D:4      | Killed Robin
  1286 | D:4      | Reached XP level 5. HP: 12/47 MP: 4/4
  1326 | D:4      | HP: 2/47 [poisoned by a scorpion]
  1332 | D:4      | HP: 2/47 [poisoned by a scorpion]
  1833 | D:4      | Found an ornate altar of the Wu Jian Council.
  2097 | D:4      | Reached skill level 5 in Axes
  2101 | D:4      | Reached XP level 6. HP: 55/55 MP: 5/5
  2211 | D:4      | Reached skill level 5 in Fighting
  2211 | D:4      | Reached skill level 5 in Armour
  2211 | D:4      | Reached skill level 5 in Shields
  2574 | D:4      | Slain by an ogre

Levels and vault maps discovered:
D:1:      evilmike_arrival_hilbert_curve, layout_rooms
D:2:      layout_basic, first_ration, minmay_crystal_water
D:3:      layout_basic, nicolae_gozag_zags_fifth_avenue, okawaru_trees_1,
          st_stairs_5, cheibrodos_ashenzari_chains, uniq_terence, uniq_jessica
D:4:      kennysheep_spiral_hall, layout_basic, lemuel_doored_altar, uniq_robin

Skill      XL: |  1  2  3  4  5  6 |
---------------+-------------------+-----
Axes           | 3 4 5 |  5.8
Fighting       | 4 5 |  5.2
Armour         | 4 5 |  5.2
Shields        | 4 5 |  5.1

Action                   |  1- 3 |  4- 6 || total
-------------------------+-------+-------++-------
Melee: War axe           |    62 |    98 ||   160
       Headbutt          |     7 |    18 ||    25
  Use: Potion            |       |     2 ||     2
  Eat: Chunk             |     1 |     4 ||     5
Armor: Scale mail        |    27 |    36 ||    63
Dodge: Dodged            |    15 |    27 ||    42
Block: Kite shield       |    29 |    48 ||    77

Table legend:
 A = Non-vault XP
 B = Vault XP
 C = Vault XP percentage of total XP
 D = Non-vault monster count
 E = Vault monster count
 F = Vault count percentage of total count
                 A         B        C        D         E       F
            +---------+---------+-------+---------+---------+-------
      Total |     465 |     160 |  25.6 |      44 |      12 |  21.4
            +---------+---------+-------+---------+---------+-------
        D:1 |       3 |       0 |   0.0 |       2 |       0 |   0.0
        D:2 |      56 |       0 |   0.0 |      16 |       0 |   0.0
        D:3 |      34 |       0 |   0.0 |       2 |       0 |   0.0
        D:4 |     372 |     160 |  30.1 |      24 |      12 |  33.3
            +---------+---------+-------+---------+---------+-------
